 Dungeon Crawl Stone Soup version 0.26.0-10-g1f06aea511 (webtiles) character file.

Game seed: 2521336504049940680

15651 Marvel the Basher (level 12, -13/92 HPs)
             Began as a Demonspawn Abyssal Knight on Jan 14, 2021.
             Was a High Priest of Lugonu.
             Hit by a javelin thrown by a minotaur (23 damage)
             ... in a Gauntlet.
             The game lasted 00:49:33 (13869 turns).

Marvel the Basher (Demonspawn Abyssal Knight)      Turns: 13869, Time: 00:49:34

Health: -13/92     AC: 19    Str: 17    XL:     12   Next: 3%
Magic:  13/13      EV: 26    Int: 14    God:    Lugonu [*****.]
Gold:   259        SH:  6    Dex: 25    Spells: 10/11 levels left

rFire    . . .     SeeInvis .   k - +5 flail (protect)
rCold    . . .     Faith    .   t - +0 buckler
rNeg     . . .     Spirit   .   d - +4 ring mail
rPois    .         Reflect  .   (helmet restricted)
rElec    .         Harm     .   u - +0 cloak
rCorr    .         Rampage  .   S - +1 pair of gloves {archery}
Will     .....     NoTele   +   s - +0 pair of boots
Stlth    +.........             x - amulet of the acrobat
HPRegen  0.25/turn              E - +6 ring of dexterity
MPRegen  0.13/turn              e - +6 ring of dexterity

@: acrobat
A: antennae 2, thin metallic scales 2, powered by pain 1, spiny 2
a: Renounce Religion, Depart the Abyss, Bend Space, Banish, Corrupt, Enter the
Abyss


You were in a Gauntlet.
You worshipped Lugonu.
Lugonu was extremely pleased with you.
You visited 1 branch of the dungeon, and saw 12 of its levels.
You visited the Abyss 1 time.
You also visited: Gauntlet.

You collected 676 gold pieces.
You spent 417 gold pieces at shops.

Inventory:

Hand Weapons
 a - a +1 hand axe
 c - a +4 quarterstaff of chaos
 k - a +5 flail of protection (weapon)
 v - a +3 whip of freezing
 D - a +0 hand axe of electrocution
 M - a +2 scimitar of venom
Missiles
 f - 10 boomerangs
 m - 14 javelins
 F - 5 silver boomerangs
 L - 4 poisoned darts (quivered)
Armour
 b - a +0 leather armour
 d - a +4 ring mail (worn)
 i - a +0 helmet
 s - a +0 pair of boots (worn)
 t - a +0 buckler (worn)
 u - a +0 cloak (worn)
 R - a +1 ring mail of poison resistance
 S - a +1 pair of gloves of archery (worn)
Magical Staves
 C - an uncursed staff of poison
Jewellery
 e - a +6 ring of dexterity (right hand)
 j - an uncursed amulet of magic regeneration
 l - an uncursed ring of attention
 x - an amulet of the acrobat (around neck)
 E - a +6 ring of dexterity (left hand)
 K - a cursed ring of teleportation
 Q - a +6 ring of dexterity
Wands
 y - a wand of paralysis (17)
 G - a wand of acid (10)
 O - a wand of enslavement (12)
Scrolls
 g - 2 scrolls of magic mapping
 h - 3 scrolls of teleportation
 o - 11 scrolls of identify
 p - 4 scrolls of remove curse
 H - a scroll of immolation
 I - a scroll of blinking
 J - 2 scrolls of silence
 P - a scroll of fog
Potions
 n - a potion of mutation
 q - 2 potions of cancellation
 r - a potion of heal wounds
 w - 2 potions of brilliance
 z - a potion of magic
 A - 3 potions of curing
 B - a potion of flight
Miscellaneous
 T - a tin of tremorstones (2/2)


   Skills:
 + Level 8.1 Fighting
 + Level 4.8(9.4) Axes
 * Level 12.2(12.8) Maces & Flails
 - Level 3.7(8.9) Staves
 * Level 9.1 Armour
 - Level 1.7 Dodging
 - Level 0.1 Stealth
 + Level 2.0 Shields
 + Level 0.6 Summonings
 - Level 2.4 Invocations
 + Level 0.1 Evocations


You had 10 spell levels left.
You knew the following spells:

 Your Spells              Type           Power        Failure   Level
a - Summon Small Mammal   Summ           4%           43%         1

Your spell library contained the following spells:

 Spells                   Type           Power        Failure   Level
 Animate Skeleton         Necr           0%           52%         1
 Apportation              Tloc           0%           52%         1
 Corona                   Hex            0%           52%         1
 Shock                    Conj/Air       0%           52%         1
 Slow                     Hex            0%           67%         2
 Swiftness                Air            0%           67%         2
 Inner Flame              Hex/Fire       0%           88%         3
 Portal Projectile        Hex/Tloc       0%           88%         3
 Static Discharge         Conj/Air       0%           88%         3
 Airstrike                Air            0%           99%         4
 Cause Fear               Hex            0%           99%         4
 Leda's Liquefaction      Hex/Erth       0%           99%         4
 Lightning Bolt           Conj/Air       0%           100%        5


Dungeon Overview and Level Annotations

Branches:
Dungeon (12/15)            Temple (0/1) D:6            Lair (0/6) D:10
Gauntlet (1/1)
    Orc: D:9-12

Altars:
Cheibriados
Hepliaklqana
Kikubaaqudgha
Makhleb
Qazlal
Ru
Trog
Uskayaw
Wu Jian
Xom
Zin

Shops:
D:6 *   D:8 *   D:10 ?

Annotations:
D:4 Menkaure Gauntlet 6 transporters


Innate Abilities, Weirdness & Mutations

You have a pair of antennae on your head.
You are mostly covered in thin metallic scales. (AC +3)
You sometimes gain a little power by taking damage.
You are mostly covered in sharp spines.


Message History

You swap places.
The minotaur hits you but does no damage.
Your soldier ant stings the minotaur.
Your merfolk zombie hits the minotaur but does no damage.
The minotaur closely misses you.
Your soldier ant stings the minotaur but does no damage.
Your necromancer yells, "Run!
I'll cover you!"
Your merfolk zombie hits the minotaur.
Your soldier ant stings the minotaur but does no damage.
The minotaur hits you but does no damage.
Your merfolk zombie hits the minotaur.
Your soldier ant stings the minotaur!
The minotaur looks as sick as possible!
Your soldier ant poisons the minotaur!
The minotaur hits you from afar with the +4 glaive "Bycrou" {vorpal, Dex+6}!
* * * LOW HITPOINT WARNING * * *
x2 Your soldier ant stings the minotaur!
The minotaur throws a javelin.
The javelin completely misses your necromancer.
The javelin barely misses your tarantella zombie.
The javelin pierces through you!!
You die...

##≈###≈###.......###≈###≈
## ################## #
#...............
#.⌠.⌠.⌠.©.©.⌠.⌠.
#....Z3.........
###Z#Z#######.#. #.#ZpHB#
#.#Z##.#.# #.@.W......
#.#..##'##. #.#..# #....#
###8.# ####


You could see a minotaur (extremely poisoned), a friendly necromancer
(summoned), a friendly smoke demon (summoned), a friendly shadow (summoned), a
friendly spriggan rider simulacrum (summoned), a friendly tarantella zombie
(summoned), a friendly merfolk zombie (summoned) and 2 friendly deep elf mage
skeletons.

Vanquished Creatures
  A hydra (D:11)
  A boulder beetle (D:11)
  A fire crab (Gauntlet)
  A glowing orange brain (Gauntlet)
  2 unseen horrors
  Pikel (D:5)
  3 ugly things
  2 gargoyles
  A komodo dragon (D:9)
  4 trolls
  2 hornets
  Prince Ribbit (D:6)
  4 flying skulls (Gauntlet)
  Sigmund (D:5)
  A wyvern (D:9)
  3 fire bats (Gauntlet)
  4 vampire mosquitoes (D:9)
  An acid dragon (D:12)
  5 water moccasins (D:10)
  4 sky beasts
  4 black bears
  4 ice beasts
  2 ogres
  5 orc warriors
  A necrophage (D:7)
  7 phantoms
  2 centaurs (D:7)
  3 big kobolds
  3 bullfrogs
  4 scorpions
  A water moccasin skeleton (D:8)
  3 wights (D:10)
  16 killer bees
  A quasit (D:9)
  A centaur zombie (D:9)
  7 hounds
  An orc priest (D:7)
  2 jellies
  Crazy Yiuf (D:5)
  4 centaur skeletons
  A bullfrog skeleton (D:9)
  16 orc wizards
  9 worker ants
  A hound zombie (D:5)
  3 hound skeletons
  17 adders
  3 shadow imps
  5 ufetubi
  2 oozes
  3 worms
  6 leopard geckos
  33 orcs
  6 bats
  5 giant cockroaches
  5 goblins
  4 hobgoblins
  3 jackals (D:5)
  6 quokkas
  2 ball pythons
  9 frilled lizards
  15 kobolds
  A leopard gecko zombie (D:5)
  A quokka skeleton (D:8)
  2 quokka zombies
  12 rats
285 creatures vanquished.

Vanquished Creatures (others)
  An orc (D:9)
  A quokka (D:4)
  24 fungi (D:10)
  37 plants (D:10)
63 creatures vanquished.

Grand Total: 348 creatures vanquished

Notes
Turn   | Place    | Note
-------+----------+-------------------------------------------
     0 | Abyss:1  | Marvel the Demonspawn Abyssal Knight began the quest for
                  | the Orb.
     0 | Abyss:1  | Reached XP level 1. HP: 18/18 MP: 2/2
    64 | Abyss:1  | Noticed a spatial vortex
    66 | Abyss:1  | Noticed a spatial vortex
    92 | Abyss:1  | Noticed a tentacled starspawn
    94 | Abyss:1  | Noticed a spatial vortex
    94 | Abyss:1  | Noticed a spatial vortex
    95 | D:1      | Escaped the Abyss
   287 | D:1      | Reached * piety under Lugonu
   630 | D:1      | Gained mutation: You have a pair of small antennae on your
                  | head. [demonic ancestry]
   630 | D:1      | Reached XP level 2. HP: 24/24 MP: 3/3
  1102 | D:2      | Reached skill level 1 in Dodging
  1458 | D:2      | Reached XP level 3. HP: 28/29 MP: 4/4
  1531 | D:2      | Noticed a moth of wrath
  1534 | D:2      | Found a bloodstained altar of Trog.
  1726 | D:2      | Gained mutation: You are partially covered in thin metallic
                  | scales. (AC +2) [demonic ancestry]
  1726 | D:2      | Reached XP level 4. HP: 26/37 MP: 5/5
  2439 | D:3      | Gained mutation: You have a pair of antennae on your head.
                  | [demonic ancestry]
  2439 | D:3      | Reached XP level 5. HP: 38/42 MP: 6/6
  2567 | D:3      | Reached ** piety under Lugonu
  3160 | D:3      | Found a glowing silver altar of Zin.
  3249 | D:4      | Noticed Menkaure
  3269 | D:4      | Noticed a phantom
  3527 | D:5      | Entered Level 5 of the Dungeon
  3577 | D:5      | Found a stormy altar of Qazlal.
  3577 | D:5      | Found a shimmering altar of Xom.
  3577 | D:5      | Found an ornate altar of the Wu Jian Council.
  3578 | D:5      | Found a snail-covered altar of Cheibriados.
  3579 | D:5      | Noticed an ogre
  3670 | D:5      | Reached XP level 6. HP: 15/48 MP: 7/7
  3920 | D:5      | Noticed Sigmund
  3964 | D:5      | Killed Sigmund
  4134 | D:5      | Found a runed translucent door.
  4135 | D:5      | Noticed Crazy Yiuf
  4144 | D:5      | Killed Crazy Yiuf
  4482 | D:5      | Gained mutation: You sometimes gain a little power by
                  | taking damage. [demonic ancestry]
  4482 | D:5      | Reached XP level 7. HP: 25/55 MP: 8/8
  4683 | D:5      | Reached skill level 1 in Staves
  4683 | D:5      | Reached skill level 1 in Shields
  4684 | D:5      | Noticed Pikel
  5041 | D:5      | Killed Pikel
  5042 | D:5      | Reached skill level 5 in Fighting
  5042 | D:5      | Reached skill level 5 in Armour
  5042 | D:5      | Reached XP level 8. HP: 62/62 MP: 9/9
  5797 | D:6      | Reached skill level 1 in Maces & Flails
  6269 | D:6      | Reached *** piety under Lugonu
  6270 | D:6      | Reached skill level 2 in Maces & Flails
  6405 | D:6      | Found a staircase to the Ecumenical Temple.
  6581 | D:6      | Noticed Prince Ribbit
  6746 | D:6      | Found Hodwaen's General Store.
  6758 | D:6      | Bought a scroll of identify for 28 gold pieces
  6793 | D:6      | Killed Prince Ribbit
  6794 | D:6      | Reached skill level 3 in Maces & Flails
  6834 | D:6      | Gained mutation: You are partially covered in sharp spines.
                  | [demonic ancestry]
  6834 | D:6      | Reached XP level 9. HP: 28/68 MP: 10/10
  6847 | D:6      | Reached skill level 4 in Maces & Flails
  7155 | D:6      | Learned a level 1 spell: Summon Small Mammal
  7229 | D:7      | Reached skill level 5 in Maces & Flails
  7779 | D:7      | Reached skill level 6 in Maces & Flails
  7823 | D:7      | Found a bloodstained altar of Trog.
  8200 | D:8      | Found a hazy altar of Hepliaklqana.
  8336 | D:8      | Reached **** piety under Lugonu
  8529 | D:8      | Found a burning altar of Makhleb.
  8621 | D:8      | Noticed a +0 hand axe
  8643 | D:8      | Reached skill level 7 in Maces & Flails
  8650 | D:8      | Noticed a +0 dagger
  8652 | D:8      | Found a hide-covered altar of Uskayaw.
  8697 | D:8      | Found Ubohuak's General Store.
  8729 | D:9      | Gained mutation: You are mostly covered in thin metallic
                  | scales. (AC +3) [demonic ancestry]
  8729 | D:9      | Reached XP level 10. HP: 74/76 MP: 11/11
  8809 | D:9      | Noticed a red ugly thing
  8825 | D:9      | Killed a purple ugly thing
  8826 | D:9      | Reached skill level 8 in Maces & Flails
  9056 | D:9      | Found an ancient bone altar of Kikubaaqudgha.
  9816 | D:9      | Reached skill level 9 in Maces & Flails
 10083 | D:9      | Found a sacrificial altar of Ru.
 10151 | D:10     | Entered Level 10 of the Dungeon
 10151 | D:10     | Noticed a gargoyle
 10164 | D:10     | Killed a gargoyle
 10993 | D:10     | Found a staircase to the Lair.
 11034 | D:10     | Reached skill level 10 in Maces & Flails
 11155 | D:10     | Killed an unseen horror
 11156 | D:10     | Gained mutation: You are mostly covered in sharp spines.
                  | [demonic ancestry]
 11156 | D:10     | Reached XP level 11. HP: 72/84 MP: 12/12
 11239 | D:10     | Found Yru Hane's Magic Scroll Shop.
 11263 | D:10     | Bought a scroll of enchant weapon for 97 gold pieces
 11263 | D:10     | Bought a scroll of blinking for 97 gold pieces
 11263 | D:10     | Bought 2 scrolls of silence for 195 gold pieces
 11373 | D:10     | Reached ***** piety under Lugonu
 11686 | D:11     | Noticed a purple ugly thing
 11694 | D:11     | Killed a purple ugly thing
 11696 | D:11     | Noticed a four-headed hydra
 11712 | D:11     | Killed a four-headed hydra
 11713 | D:11     | Reached skill level 11 in Maces & Flails
 12451 | D:11     | Killed an unseen horror
 12568 | D:11     | Noticed a boulder beetle
 12608 | D:11     | Killed a boulder beetle
 13333 | D:12     | Found a gate leading to a gauntlet.
 13343 | Gauntlet | Entered a Gauntlet
 13343 | Gauntlet | Found a transporter.
 13343 | Gauntlet | Found a transporter.
 13345 | Gauntlet | Noticed a shining eye
 13345 | Gauntlet | Noticed a fire crab
 13361 | Gauntlet | Found a transporter.
 13365 | Gauntlet | Found a transporter.
 13365 | Gauntlet | Found a transporter.
 13366 | Gauntlet | Found a transporter.
 13398 | Gauntlet | Found a transporter.
 13401 | Gauntlet | Found a transporter.
 13409 | Gauntlet | Noticed a glowing orange brain
 13409 | Gauntlet | Noticed a purple ugly thing
 13410 | Gauntlet | Found a transporter.
 13426 | Gauntlet | Found a transporter.
 13426 | Gauntlet | Noticed a death ooze
 13440 | Gauntlet | Found a transporter.
 13444 | Gauntlet | Found a transporter.
 13448 | Gauntlet | Noticed a shining eye
 13589 | Gauntlet | Killed a fire crab
 13597 | Gauntlet | Reached skill level 12 in Maces & Flails
 13819 | Gauntlet | Killed a purple ugly thing
 13836 | Gauntlet | Killed a glowing orange brain
 13837 | Gauntlet | Reached XP level 12. HP: 71/92 MP: 13/13
 13860 | Gauntlet | Identified the +4 glaive "Bycrou" {vorpal, Dex+6}
 13860 | Gauntlet | Noticed a minotaur
 13869 | Gauntlet | Hit by a javelin thrown by a minotaur

Illustrated notes

Levels and vault maps discovered:
D:1:      lemuel_arrival_cross, layout_basic, minmay_fountain_box
D:2:      layout_basic, tgw_trog
D:3:      layout_basic, zin_scriptorium
D:4:      layout_basic, elyvilon_altar_4, uniq_menkaure
D:5:      layout_loops_ring, grunt_temple_overflow_open, serial_park_tiny_1,
          uniq_crazy_yiuf_cottage, uniq_pikel, uniq_sigmund
D:6:      layout_basic, minmay_temple_entry_overgrown, serial_shops,
          nicolae_shop_behind_doors, due_unseen_surprise, uniq_prince_ribbit1
D:7:      layout_basic, lemuel_doored_altar, st_stairs_1,
          hangedman_decor_riveting
D:8:      layout_rooms, kennysheep_little_box, overflow_temple_1_default,
          dancing_weapons_uskayaw, serial_shops, kennysheep_mini
D:9:      layout_long_grid, kiku_gazebo_garden_becter,
          nicolae_ru_the_path_less_chosen
D:10:     layout_cross, due_lair_maze_entry_diamond, serial_shops,
          shop_fountains
D:11:     layout_loops_corners, kennysheep_generic_room_15
D:12:     layout_irregular_city, zombieorc1_lemuel, gauntlet_entry_generic,
          minmay_fractal_squares_gapless_5, uniq_sonja
Gauntlet: minmay_gauntlet_77_indecision [minmay_gauntlet_arena_77_p_blocks,
          minmay_gauntlet_arena_77_radiant_squares,
          minmay_gauntlet_arena_77_squiggly, minmay_gauntlet_arena_77_checkered,
          minmay_gauntlet_arena_77_two_lines, minmay_gauntlet_arena_77_mirror,
          nicolae_gauntlet_exit_dead_adventurers]

Skill      XL: |  1  2  3  4  5  6  7  8  9 10 11 |
---------------+----------------------------------+-----
Armour         | 2 3 4 5 6 7 8 9 |  9.1
Axes           | 2 3 4 |  4.8
Dodging        | 1 |  1.7
Fighting       | 4 5 6 7 8 |  8.1
Staves         | 3 |  3.7
Shields        | 1 2 |  2.0
Maces & Flails | 3 7 10 12 | 12.2
Stealth        | |  0.1
Summonings     | |  0.6
Invocations    | |  2.4
Evocations     | |  0.1

Action                   |  1- 3 |  4- 6 |  7- 9 | 10-12 || total
-------------------------+-------+-------+-------+-------++-------
Melee: Hand axe          |   121 |   169 |       |       ||   290
       Quarterstaff      |       |    11 |    83 |       ||    94
       Whip              |       |       |   160 |       ||   160
       Flail             |       |       |   142 |   396 ||   538
Throw: Boomerang         |       |     3 |    22 |    69 ||    94
       Dart              |       |       |       |     7 ||     7
 Cast: Summon Small Mamm |       |       |       |     1 ||     1
Invok: Depart the Abyss  |     1 |       |       |       ||     1
Evoke: Wand              |       |       |     3 |       ||     3
  Use: Scroll            |       |     4 |     8 |    11 ||    23
       Potion            |       |     3 |     3 |    10 ||    16
 Stab: Paralysed         |       |       |    16 |       ||    16
       Invisible         |       |       |       |     3 ||     3
Armor: Ring mail         |    61 |   110 |   174 |   202 ||   547
       Skin              |       |       |    14 |       ||    14
Dodge: Dodged            |    63 |   110 |   226 |   221 ||   620
Block: Buckler           |       |     7 |       |    31 ||    38
